AoeStats
← Quetzal!

Golden Pit

509920673Analyzed
1v1 RM · 5d ago on Sep 28, 2026· 19m 40s· 2 players
Game mode
Random Map
Map size
Tiny (2 player)
Population
200
Speed
Normal
Resources
Standard
Victory
Conquest
Starting age
Dark Age
Ending age
Imperial Age
RankedLock teamsTeams togetherTeam positionsShared explorationLock speedFull tech treeHidden civsTurbo modeCheats
Victory
Defeat
🇦🇷 Berbers · Argentina
562
+16
🇲🇽 Saxons · Mexico
570
-16
Leonardongo
1:26 Loom
11:38 Feudal Age
13:10 Double-Bit Axe
16:20 Town Watch
17:11 Wheelbarrow
17:21 Bloodlines
19:14 Forging
19:16 Man-at-Arms
Quetzal!
1:30 Loom
Connection lost

Rejoining the realm…

Still unreachable

The connection could not be restored.

Session expired

The server has moved on; the page needs a fresh start.